 Dungeon Crawl Stone Soup version 0.27.1-34-g3ba077fa99 (webtiles) character file.

Game seed: 14765620800016139775

51 ticklebelly the Chopper (level 3, -8/51 HPs)
             Began as a Minotaur Berserker on Jan 7, 2022.
             Was a Follower of Trog.
             Mangled by Sigmund (11 damage)
             ... on level 2 of the Dungeon.
             The game lasted 00:02:10 (1117 turns).

ticklebelly the Chopper (Minotaur Berserker)        Turns: 1117, Time: 00:02:11

Health: -8/51      AC:  2    Str: 22    XL:     3   Next: 58%
Magic:  2/2        EV: 12    Int:  4    God:    Trog [*.....]
Gold:   24         SH:  0    Dex:  9    Spells: 2/2 levels left

rFire    . . .     SeeInvis .   a - +0 hand axe
rCold    . . .     Faith    .   (no shield)
rNeg     . . .     Spirit   .   b - +0 animal skin
rPois    .         Reflect  .   (helmet restricted)
rElec    .         Harm     .   (no cloak)
rCorr    .         Rampage  .   (no gloves)
Will     .....                  (no boots)
Stlth    ..........             (no amulet)
HPRegen  0.17/turn              (no ring)
MPRegen  0.08/turn              (no ring)

@: berserking, very quick
A: horns 2, retaliatory headbutt
a: Renounce Religion, Berserk


You were on level 2 of the Dungeon.
You worshipped Trog.
Trog was aware of your devotion.
You visited 1 branch of the dungeon, and saw 2 of its levels.

You collected 24 gold pieces.

Inventory:

Hand Weapons
 a - a +0 hand axe (weapon)
Missiles
 d - 6 boomerangs (quivered)
Armour
 b - a +0 animal skin (worn)
Scrolls
 c - a scroll of blinking {unknown}
 e - a scroll of identify {unknown}
 g - a scroll of amnesia {unknown}
 i - 2 scrolls of teleportation {unknown}
Potions
 f - a potion of heal wounds {unknown}
 h - a potion of curing {unknown}


   Skills:
 + Level 4.5 Fighting
 + Level 4.5 Axes
 - Level 3.1 Armour
 - Level 2.1 Dodging


You had 2 spell levels left.
You didn't know any spells.
Your spell library was empty.

Dungeon Overview and Level Annotations

Branches:
Dungeon (2/15)

Altars:

Annotations:
D:2 Sigmund


Innate Abilities, Weirdness & Mutations

You have a pair of horns on your head.
You reflexively headbutt those who attack you in melee.


Message History

You slash the ball python!
You kill the ball python!
Trog accepts your kill. Sigmund looks at you with fury.
Sigmund gestures at you while chanting. You resist with significant effort.
Sigmund casts a spell at you.
You are confused.
You are too confused!
You are too confused!
Sigmund points at you and mumbles some strange words.
The magic dart hits you.
You're too confused to move!
Sigmund hits you with a +0 scythe!
Okay, then.
Sigmund closely misses you.
You miss Sigmund. Your headbutt misses Sigmund.
Okay, then.
You barely miss Sigmund.
Sigmund mumbles some strange words.
Sigmund flickers and vanishes!
Deactivating autopickup; reactivate with Ctrl-A.
Okay, then.
You closely miss something.
You feel less confused. Something hits you.
* * * LOW HITPOINT WARNING * * *
A red film seems to cover your vision as you go berserk!
You feel yourself moving faster!
You feel mighty! Something hits you.
* * * LOW HITPOINT WARNING * * *
You barely miss something. You slash something! Your headbutt misses something.
Something hits you.
* * * LOW HITPOINT WARNING * * *
You miss something. Your headbutt misses something. You barely miss something.
Something barely misses you.
You closely miss something. You barely miss something. Something hits you.
* * * LOW HITPOINT WARNING * * *
You closely miss something. You barely miss something. Something hits you!
You die...

#. #.# ########### #.#
##......... #.#
#........#
#.######........###
#......#.....@....#
####.............{.#.#
...................#
..............†....#
......####.........#
......# #.........#
......# #.........#.#
).....####.........#.#
.......).#.#.....###.#


There were no monsters in sight!

Vanquished Creatures
  3 gnolls (D:2)
  A dart slug (D:2)
  2 ball pythons
  2 endoplasms
  A goblin (D:1)
  2 hobgoblins
  2 jackals (D:2)
  2 bats (D:1)
  6 frilled lizards (D:1)
  A kobold (D:1)
22 creatures vanquished.

Notes
Turn   | Place    | Note
-------+----------+-------------------------------------------
     0 | D:1      | ticklebelly the Minotaur Berserker began the quest for the
                  | Orb.
     0 | D:1      | Reached XP level 1. HP: 19/19 MP: 0/0
    83 | D:1      | Found a faded altar of an unknown god.
   384 | D:1      | Reached XP level 2. HP: 25/27 MP: 1/1
   678 | D:2      | Reached XP level 3. HP: 11/34 MP: 2/2
  1098 | D:2      | Noticed Sigmund
  1117 | D:2      | Mangled by Sigmund

Illustrated notes

Levels and vault maps discovered:
D:1:      ncdulo_halloftheorcs, layout_basic,
          shapermc_ecumenical_altar_rom_forum, minmay_lizard_pond
D:2:      layout_basic, uniq_sigmund

Skill      XL: |  1  2  3 |
---------------+----------+-----
Fighting       | 4 |  4.5
Axes           | 4 |  4.5
Armour         | 3 |  3.1
Dodging        | |  2.1

Action                   || total
-------------------------++-------
Melee: Hand axe          ||    52
       Headbutt          ||     6
Throw: Boomerang         ||     5
Invok: Berserk           ||     2
Armor: Animal skin       ||     7
Dodge: Dodged            ||    22
